 Dungeon Crawl Stone Soup version 0.31.0-9-g3a7656b989 (webtiles) character file.

Game seed: 15075102124777312490

124642 Peloso the Fencer (level 16, -16/152 HPs)
             Began as a Minotaur Fighter on Jan 31, 2024.
             Was the Champion of Okawaru.
             Killed from afar by a deep elf zephyrmancer (28 damage)
             ... with a bolt of lightning
             ... on level 1 of the Elven Halls.
             The game lasted 01:10:55 (33579 turns).

Peloso the Fencer (Minotaur Fighter)               Turns: 33579, Time: 01:10:56

Health: -16/152    AC: 31    Str: 24    XL:     16   Next: 39%
Magic:  5/15       EV: 11    Int:  5    God:    Okawaru [******]
Gold:   1909       SH: 21    Dex: 22    Spells: 15/15 levels left

rFire   . . .        a - +4 double sword (elec)
rCold   . . .        d - +0 kite shield
rNeg    . . .        W - +0 plate armour
rPois   .            J - +2 hat
rElec   .            p - +2 cloak {Will+}
rCorr   .            K - +1 pair of gloves {infuse}
SInv    .            m - +0 pair of boots of Compression {Dex+7}
Will    +++..        T - amulet of reflection Stlth
                     C - ring of willpower
HPRegen 0.45/turn    U - +4 ring of protection
MPRegen 0.14/turn

%: reflection, infuse magic (1 MP)
@: on fire, glowing
A: horns 2, retaliatory headbutt
a: Renounce Religion, Heroism, Finesse, Duel


You were on level 1 of the Elven Halls.
You worshipped Okawaru.
Okawaru was exalted by your worship.
You visited 5 branches of the dungeon, and saw 24 of its levels.
You also visited: Bailey.

You collected 2973 gold pieces.
You spent 1064 gold pieces at shops.

Inventory:

Hand Weapons
 a - a +4 double sword of electrocution (weapon)
 b - a +2 scimitar of flaming
 c - a +2 scimitar of holy wrath
Armour
 d - a +0 kite shield (worn)
 m - the +0 pair of boots of Compression (worn) {Dex+7}
   (You bought it in a shop on level 5 of the Dungeon)

   Dex+7:     It affects your dexterity (+7).
 p - a +2 cloak of willpower (worn)
 x - +0 storm dragon scales
 A - +0 fire dragon scales
 J - a +2 hat (worn)
 K - a +1 pair of gloves of infusion (worn)
 L - +2 ice dragon scales
 W - a +0 plate armour (worn)
Jewellery
 z - an amulet of faith
 C - a ring of willpower (left hand)
 H - a ring of flight
 T - an amulet of reflection (around neck)
 U - a +4 ring of protection (right hand)
 V - a ring of see invisible
 X - a ring of protection from cold
Wands
 n - a wand of flame (37)
Scrolls
 j - 3 scrolls of teleportation
 k - 6 scrolls of revelation
 r - 7 scrolls of immolation
 u - 4 scrolls of fear
 y - 2 scrolls of poison
 D - a scroll of blinking
 F - a scroll of silence
 O - a scroll of acquirement
Potions
 e - 5 potions of might
 l - 8 potions of heal wounds
 o - a potion of enlightenment
 s - 7 potions of curing
 t - 6 potions of haste
 E - 2 potions of invisibility


   Skills:
 + Level 16.5 Fighting
 + Level 18.9 Long Blades
 + Level 1.5 Polearms
 + Level 15.9 Armour
 + Level 7.0 Dodging
 + Level 2.7 Stealth
 + Level 18.7 Shields
 + Level 1.2 Invocations
 + Level 0.6 Evocations


You had 15 spell levels left.
You didn't know any spells.
Your spell library contained the following spells:

 Spells                   Type           Power      Damage    Failure   Level
 Cigotuvi's Dreadful Rot  Necr/Alch/Air  0%         N/A       100%        2
 Mercury Vapours          Alch/Air       0%         N/A       100%        2
 Dazzling Flash           Conj/Hex       0%         N/A       100%        3
 Hailstorm                Conj/Ice       0%         3d5       100%        3
 Inner Flame              Hex/Fire       0%         N/A       100%        3
 Mephitic Cloud           Conj/Alch/Air  0%         N/A       100%        3
 Ozocubu's Armour         Ice            0%         N/A       100%        3
 Dispel Undead            Necr           0%         3d6       100%        4
 Alistair's Intoxication  Alch           0%         N/A       100%        5
 Borgnjor's Vile Clutch   Necr/Erth      0%         N/A       100%        5
 Curse of Agony           Necr           0%         N/A       100%        5
 Freezing Cloud           Conj/Ice/Air   0%         6-21      100%        5
 Irradiate                Conj/Alch      0%         3d11      100%        5
 Silence                  Hex/Air        0%         N/A       100%        5
 Eringya's Noxious Bog    Alch           0%         4d6       100%        6
 Ignition                 Fire           0%         3d3       100%        8
 Martyr's Knell           Necr/Summ      Unusable   N/A       N/A         4
 Summon Lightning Spire   Summ/Air       Unusable   N/A       N/A         4
 Death Channel            Necr           Unusable   N/A       N/A         6
 Monstrous Menagerie      Summ           Unusable   N/A       N/A         7

Dungeon Overview and Level Annotations

Branches:
Dungeon (15/15)            Temple (1/1) D:7            Lair (5/5) D:11
 Shoals (0/4) Lair:3       Spider (0/4) Lair:3        Slime (0/5) Lair:4
    Orc (2/2) D:11            Elf (1/3) Orc:2        Vaults (0/5) D:14
 Depths (0/4) D:15         Bailey (visited)

Altars:
Ashenzari
Cheibriados
Dithmenos
Elyvilon
Fedhas
Gozag
Hepliaklqana
Kikubaaqudgha
Nemelex Xobeh
Okawaru
Qazlal
Ru
Sif Muna
Trog
Uskayaw
Vehumet
Wu Jian
Xom
Yredelemnul
Zin
The Shining One
Jiyva

Shops:
D:2 *   D:4 *   D:5 *   D:11 *   D:13 ****   Orc:2 (*![*

Annotations:
Lair:4 Casa
Elf:1 1 runed translucent door


Innate Abilities, Weirdness & Mutations

You have a pair of horns on your head.
You reflexively headbutt those who attack you in melee.


Message History

The deep elf pyromancer mumbles some strange words.
The deep elf pyromancer blinks!
You block the deep elf zephyrmancer's attack.
You hear some strange, mumbled words.
A shard of ice appears from out of thin air!
The shard of ice hits you!!
The deep elf pyromancer gestures at you while chanting.
The pyre arrow hits you.
You are covered in intense liquid fire!
You block the deep elf zephyrmancer's attack.
You hit the deep elf zephyrmancer.
Your headbutt misses the deep elf zephyrmancer.
The deep elf zephyrmancer is moderately wounded.
The liquid fire burns you!
* * * LOW HITPOINT WARNING * * *
You hear a bow twang.
An arrow appears from out of thin air!
The arrow hits you but does no damage.
You barely miss the deep elf zephyrmancer.
Your headbutt misses the deep elf zephyrmancer.
The deep elf zephyrmancer is moderately wounded.
The liquid fire burns you!
* * * LOW HITPOINT WARNING * * *
The deep elf pyromancer gestures wildly while chanting.
You block the deep elf zephyrmancer's attack.
You slash the deep elf zephyrmancer! You headbutt the deep elf zephyrmancer.
The deep elf zephyrmancer is severely wounded.
The liquid fire burns you!
* * * LOW HITPOINT WARNING * * *
You hear a bow twang.
An arrow appears from out of thin air!
The arrow hits you.
* * * LOW HITPOINT WARNING * * *
You block the deep elf zephyrmancer's attack.
You miss the deep elf zephyrmancer.
The deep elf zephyrmancer is severely wounded.
The liquid fire burns you!
* * * LOW HITPOINT WARNING * * *
You hear some strange, mumbled words.
The deep elf zephyrmancer points at you and mumbles some strange words.
The bolt of lightning hits you!!
You die...

..... #.####.#### #####.## .....
#.........# #.# ....# #.##......#
#.# ##...## #.#...>...## ####.#
##.....## #..........## #....#
#.......## #......○....###..###
.........####.....E.....).....###
.........'..).)..e..e............
.........####...@)E...#.###..:###
#.......## #....).°..#.###...#
##.....## #####){####.#...#.#
##...## #.## #.#.###.# ##+# #.#
#.#.# #.# #.# #.#.###.# #.#
#.......# #.# ##...#### #.#
##.)...#


You could see a deep elf pyromancer, a deep elf zephyrmancer and 2 fire
elementals.

Vanquished Creatures
  Jorgrun (Orc:1)
  3 sphinxes
  Gastronok (Orc:1)
  A storm dragon (D:12)
  Agnes (D:14)
  A deep elf sorcerer (Orc:2)
  2 fire giants
  A deep elf elementalist (Elf:1)
  An orc warlord (Orc:1)
  A deep elf annihilator (Elf:1)
  The ghost of Violux the Severer, a journeyman MiBe of Trog (Orc:2)
  3 ettins
  Fannar (Orc:1)
  2 fire dragons
  3 vault guards (D:14)
  A deep elf high priest (D:12)
  Erolcha (D:9)
  An ice dragon (D:12)
  2 ogre magi (Orc:1)
  9 hydras
  A catoblepas (Lair:5)
  8 centaur warriors
  Erica (D:8)
  A tengu warrior (D:13)
  6 boulder beetles
  9 death yaks
  11 two-headed ogres
  3 deep troll earth magi
  3 deep elf knights (Elf:1)
  A fire crab (Lair:5)
  8 skeletal warriors
  A skyshark (Lair:4)
  An orb spider (Lair:3)
  A flayed ghost (D:12)
  A deep elf archer (Elf:1)
  2 deep trolls (Orc:2)
  An arcanist (D:15)
  An orc knight (Orc:2)
  6 deep elf zephyrmancers (Elf:1)
  5 deep elf pyromancers (Elf:1)
  A phantasmal warrior (D:12)
  An oklob plant (Lair:3)
  5 manticores
  An orc sorcerer (Orc:2)
  6 ugly things
  6 cyclopes
  17 elephants
  7 black mambas
  A merfolk siren (Lair:3)
  A kobold blastminer (Orc:2)
  A gargoyle (D:12)
  13 cane toads
  3 molten gargoyles (Lair:5)
  4 rime drakes
  13 komodo dragons
  4 unseen horrors
  2 freezing wraiths
  Psyche (D:9)
  A kobold demonologist (D:12)
  A tengu conjurer (D:15)
  2 efreet
  12 trolls
  3 polar bears
  A queen bee (shapeshifter) (D:15)
  Prince Ribbit (D:8)
  8 blink frogs
  A raiju (shapeshifter) (D:13)
  5 slime creatures
  A vampire (D:13)
  An air elemental (Elf:1)
  A water elemental (Elf:1)
  3 shadows (D:11)
  2 centaur simulacra (D:14)
  2 wraiths
  11 wyverns
  A fire elemental (Elf:1)
  2 fire bats (D:4)
  Grum (D:7)
  37 yaks
  Eustachio (D:3)
  3 vampire mosquitoes (D:15)
  5 basilisks
  3 steam dragons
  12 water moccasins
  5 acid dragons
  3 hell hounds (Lair:5)
  6 black bears
  19 orc warriors
  3 laughing skulls
  An ice beast (shapeshifter) (D:12)
  An ice beast (D:5)
  25 ogres
  21 wolves
  15 centaurs
  3 phantoms
  3 kobold brigands
  11 bullfrogs
  2 gnoll sergeants
  3 scorpions
  2 earth elementals (Elf:1)
  7 wights
  A killer bee (D:10)
  7 howler monkeys
  2 electric eels
  6 lava snakes
  2 bombardier beetles (D:5)
  14 orc priests
  A gnoll bouda (D:10)
  4 hounds
  3 jellies
  Crazy Yiuf (D:4)
  6 iguanas
  Ijyb (D:4)
  Natasha (thrice) (D:2)
  23 orc wizards
  6 ogre zombies (D:11)
  7 adders
  15 gnolls
  A white imp (D:6)
  2 ufetubi (D:6)
  A dart slug (D:3)
  2 ribbon worms
  85 orcs
  10 endoplasms
  3 giant cockroaches
  2 goblins
  2 hobgoblins
  11 jackals
  7 quokkas
  4 ball pythons
  8 bats
  4 frilled lizards
  5 gnoll skeletons (D:11)
  A gnoll zombie (D:11)
  12 kobolds
  3 orc skeletons (D:11)
  10 orc zombies (D:11)
  7 rats
728 creatures vanquished.

Vanquished Creatures (others)
  A deep elf knight (Elf:1)
  A hound (D:4)
  2 orcs (D:9)
4 creatures vanquished.

Grand Total: 732 creatures vanquished

Notes
Turn   | Place    | Note
-------+----------+-------------------------------------------
     0 | D:1      | Peloso the Minotaur Fighter began the quest for the Orb.
     0 | D:1      | Reached XP level 1. HP: 19/19 MP: 0/0
   112 | D:1      | Reached XP level 2. HP: 23/27 MP: 1/1
   504 | D:2      | Noticed Natasha
   514 | D:2      | Killed Natasha
   515 | D:2      | Reached XP level 3. HP: 12/34 MP: 2/2
   520 | D:2      | Found a faded altar of an unknown god.
   706 | D:2      | Found Lagecs's General Store.
   979 | D:2      | Noticed Natasha
   986 | D:2      | Killed Natasha
   987 | D:2      | Reached skill level 1 in Dodging
   987 | D:2      | Reached XP level 4. HP: 23/41 MP: 3/3
  1215 | D:2      | Noticed Natasha
  1221 | D:2      | Killed Natasha
  2019 | D:3      | Reached XP level 5. HP: 26/47 MP: 4/4
  2148 | D:3      | Reached skill level 5 in Armour
  2601 | D:4      | Found a runed translucent door.
  2602 | D:4      | Noticed Crazy Yiuf
  2673 | D:4      | Found Jusuev's Lightly-Used Armoury.
  2788 | D:4      | Noticed an ogre
  2792 | D:4      | an ogre changed into a fire bat
  2792 | D:4      | Noticed a fire bat
  2800 | D:4      | Killed a fire bat
  2801 | D:4      | Reached XP level 6. HP: 44/55 MP: 5/5
  2971 | D:4      | an ogre changed into a fire bat
  2971 | D:4      | Noticed a fire bat
  2977 | D:4      | Killed a fire bat
  2978 | D:4      | Reached skill level 5 in Fighting
  2978 | D:4      | Reached skill level 5 in Long Blades
  3032 | D:4      | Noticed Eustachio
  3034 | D:4      | Noticed Ijyb
  3217 | D:3      | Killed Eustachio
  3218 | D:3      | Reached XP level 7. HP: 25/61 MP: 6/6
  3565 | D:4      | Killed Ijyb
  3726 | D:4      | Reached skill level 5 in Shields
  3979 | D:4      | Killed Crazy Yiuf
  4211 | D:5      | Entered Level 5 of the Dungeon
  4664 | D:5      | Found Efegic's Assorted Antiques.
  4673 | D:5      | Bought a pair of faintly humming boots for 161 gold pieces
  4673 | D:5      | Identified the +0 pair of boots of Compression {Dex+7} (You
                  | bought it in a shop on level 5 of the Dungeon)
  4681 | D:5      | Bought a scroll labelled MEPTUR GAQUIWK for 17 gold pieces
  4681 | D:5      | Bought a scroll labelled KAFEIR HU LAVE for 17 gold pieces
  4681 | D:5      | Bought a scroll labelled YBBE SISESIPS for 17 gold pieces
  4696 | D:5      | Found a stormy altar of Qazlal.
  4719 | D:5      | Reached XP level 8. HP: 53/70 MP: 7/7
  5776 | D:6      | Found a shadowy altar of Dithmenos.
  5890 | D:6      | Identified the +8 trident of Dust {flame, Str+4}
  5904 | D:6      | Reached XP level 9. HP: 78/78 MP: 8/8
  6381 | D:7      | Found a staircase to the Ecumenical Temple.
  6403 | Temple   | Entered the Ecumenical Temple
  6414 | Temple   | Became a worshipper of Warmaster Okawaru
  6903 | D:8      | Noticed Grum
  6909 | D:8      | Reached skill level 1 in Polearms
  7066 | D:7      | Killed Grum
  7066 | D:7      | Reached * piety under Okawaru
  7257 | D:8      | Reached skill level 10 in Long Blades
  7334 | D:8      | Noticed Erica
  7361 | D:8      | Killed Erica
  7361 | D:8      | Reached ** piety under Okawaru
  7491 | D:8      | Noticed Prince Ribbit
  7509 | D:8      | Killed Prince Ribbit
  7510 | D:8      | Reached XP level 10. HP: 64/88 MP: 9/9
  7707 | D:8      | Reached skill level 1 in Stealth
  7993 | D:8      | Reached *** piety under Okawaru
  8178 | D:9      | Noticed Psyche
  8180 | D:9      | Noticed a manticore
  8192 | D:9      | Killed a manticore
  8199 | D:9      | Killed Psyche
  8602 | D:9      | Noticed Erolcha
  8613 | D:9      | Killed Erolcha
  8613 | D:9      | Reached **** piety under Okawaru
  8739 | D:9      | Identified the +9 dagger of Severance {flame, +Blink Dex+2}
  9269 | D:10     | Entered Level 10 of the Dungeon
  9269 | D:10     | Found a flagged portal.
  9287 | Bailey   | Entered a bailey
  9550 | Bailey   | Reached skill level 10 in Armour
  9685 | D:10     | Identified the +4 ring mail of Intercession {Rampage rPois
                  | rN++ Int-2}
  9747 | D:10     | Reached XP level 11. HP: 83/95 MP: 0/10
  9960 | D:10     | Got Woheat's Tome of the United Wendigo
 10643 | D:11     | Reached skill level 5 in Dodging
 11042 | D:11     | Reached ***** piety under Okawaru
 11044 | D:11     | Found a staircase to the Lair.
 11494 | D:11     | Found a staircase to the Orcish Mines.
 11519 | D:11     | Reached skill level 10 in Shields
 12163 | D:11     | Found Anebusau's Assorted Antiques.
 12171 | D:11     | Bought a sedimented black potion for 27 gold pieces
 12233 | D:11     | Noticed a boulder beetle
 12251 | D:11     | Killed a boulder beetle
 12332 | D:11     | Found a broken altar of Ashenzari.
 12853 | Lair:1   | Entered Level 1 of the Lair of Beasts
 12897 | Lair:1   | Received a gift from Okawaru
 13130 | Lair:1   | Reached skill level 10 in Fighting
 13857 | Lair:1   | Received a gift from Okawaru
 13954 | Lair:1   | Reached XP level 12. HP: 106/106 MP: 8/11
 15379 | Lair:2   | Received a gift from Okawaru
 16162 | Lair:3   | Received a gift from Okawaru
 16365 | Lair:3   | Found a hole to the Spider Nest.
 16615 | Lair:3   | Noticed a death yak
 16618 | Lair:3   | Noticed a death yak
 16630 | Lair:3   | Killed a death yak
 16630 | Lair:3   | Noticed a death yak
 16637 | Lair:3   | Killed a death yak
 16638 | Lair:3   | Reached skill level 15 in Long Blades
 16642 | Lair:3   | Killed a death yak
 16812 | Lair:3   | Reached XP level 13. HP: 29/118 MP: 7/12
 17310 | Lair:3   | Found a staircase to the Shoals.
 17693 | Orc:1    | Entered Level 1 of the Orcish Mines
 17747 | Orc:1    | Noticed Jorgrun
 17771 | Orc:1    | Killed Jorgrun
 18009 | Orc:1    | Reached ****** piety under Okawaru
 18174 | Orc:1    | Received a gift from Okawaru
 18399 | Orc:1    | Noticed an orc warlord
 18412 | Orc:1    | Noticed Fannar
 18428 | Orc:1    | Killed an orc warlord
 18464 | Orc:1    | Killed Fannar
 18469 | Orc:1    | Noticed Gastronok
 18511 | Orc:1    | Killed Gastronok
 18847 | Orc:2    | Entered Level 2 of the Orcish Mines
 18847 | Orc:2    | Found a staircase to the Elven Halls.
 18848 | Orc:2    | Found Sechuu's Distillery.
 18974 | Orc:1    | Acquired a +1 double sword of electrocution
 18974 | Orc:1    | Received a gift from Okawaru
 18993 | Orc:1    | Acquired the +1 pair of boots "Myzos" {rElec}
 18993 | Orc:1    | Received a gift from Okawaru
 19316 | Orc:1    | Received a gift from Okawaru
 19600 | Orc:2    | Found Celam's Assorted Antiques.
 19601 | Orc:2    | Found Laat's Antique Weapon Boutique.
 19602 | Orc:2    | Found Eniyqocu's General Store.
 19602 | Orc:2    | Found Jaato's Armour Emporium.
 19667 | Orc:2    | Received a gift from Okawaru
 19724 | Orc:2    | Reached XP level 14. HP: 102/129 MP: 0/13
 19957 | Orc:2    | Bought a scroll of enchant weapon for 120 gold pieces
 19957 | Orc:2    | Bought a scroll of identify for 32 gold pieces
 20002 | Orc:2    | Bought a clear potion for 29 gold pieces
 20002 | Orc:2    | Bought a scroll labelled SUIS PAUNWIFI for 33 gold pieces
 20002 | Orc:2    | Bought a scroll of identify for 66 gold pieces
 20048 | Orc:2    | Found a runed translucent gate.
 20070 | Orc:2    | Found a runed translucent gate.
 20070 | Orc:2    | Found a runed translucent gate.
 20083 | Orc:2    | Noticed Violux's ghost (journeyman MiBe)
 20620 | Orc:2    | Killed Violux's ghost
 21107 | D:12     | Identified the +5 rapier "Hydra's Bane" {flame, MP-9 Int+3
                  | Dex+6}
 21194 | D:12     | Received a gift from Okawaru
 21485 | D:12     | Reached skill level 15 in Shields
 22332 | Lair:4   | Received a gift from Okawaru
 23040 | Lair:4   | Found a viscous altar of Jiyva.
 23040 | Lair:4   | Found a staircase to the Slime Pits.
 23385 | Lair:5   | Entered Level 5 of the Lair of Beasts
 23429 | Lair:5   | Identified the +10 rapier of Pesazei {drain, ^Contam rPois
                  | Int+5 Stlth+}
 23657 | Lair:5   | Received a gift from Okawaru
 24493 | Lair:5   | Received a gift from Okawaru
 24651 | Lair:5   | Reached XP level 15. HP: 137/139 MP: 8/14
 25133 | Lair:5   | Reached skill level 15 in Fighting
 25263 | Lair:5   | Found a large runed translucent door.
 25263 | Lair:5   | Found a large runed translucent door.
 25628 | Lair:5   | Got the Discourse on the Congealing Squall
 26076 | D:2      | Bought a scroll of identify for 24 gold pieces
 26076 | D:2      | Bought a scroll of identify for 24 gold pieces
 26076 | D:2      | Identified a scroll of acquirement
 26582 | D:13     | Found Aniuhaxea's Jewellery Shoppe.
 26890 | D:13     | Received a gift from Okawaru
 26890 | D:13     | Noticed a fire giant
 26901 | D:13     | Noticed a sphinx
 26920 | D:13     | Noticed a sphinx
 26921 | D:13     | Noticed a fire giant
 26930 | D:13     | Killed a sphinx
 26936 | D:13     | Killed a fire giant
 26936 | D:13     | HP: 6/141 [ice dragon/blast of cold (53)]
 26936 | D:13     | HP: 1/141 [five-headed hydra (5)]
 27277 | D:12     | HP: 3/141 [ice dragon/blast of cold (33)]
 27792 | D:12     | Killed a fire giant
 27805 | D:12     | Reached skill level 15 in Armour
 27971 | D:12     | Received a gift from Okawaru
 28292 | D:13     | Noticed a storm dragon
 28493 | D:12     | Reached skill level 1 in Invocations
 29016 | D:12     | Killed a storm dragon
 29021 | D:12     | Killed a sphinx
 29369 | D:13     | Found Fibray's Assorted Antiques.
 29413 | D:13     | Bought a scroll of identify for 54 gold pieces
 29413 | D:13     | Bought a scroll of identify for 54 gold pieces
 29451 | D:13     | Found Pinguinem's General Store.
 29459 | D:13     | Bought a scroll of blinking for 97 gold pieces
 29508 | D:13     | Found Sifyilo's Assorted Antiques.
 29511 | D:13     | Found Xamemyaf's General Store.
 29521 | D:13     | Identified the +0 robe "Syupucko" {Archmagi}
 29528 | D:13     | Bought 3 scrolls of revelation for 292 gold pieces
 30003 | D:14     | Received a gift from Okawaru
 30156 | D:14     | Found a gate to the Vaults.
 30375 | D:14     | Identified the +2 ring mail "Oxaun" {Int+2}
 30377 | D:14     | Noticed Agnes
 30384 | D:14     | Killed Agnes
 30385 | D:14     | Reached XP level 16. HP: 130/151 MP: 10/15
 30869 | D:15     | Entered Level 15 of the Dungeon
 31234 | D:15     | Noticed a sphinx
 31253 | D:15     | Killed a sphinx
 31253 | D:15     | Received a gift from Okawaru
 31422 | D:15     | Found a staircase to the Depths.
 31698 | D:15     | Found a white marble altar of Elyvilon.
 32521 | Elf:1    | Entered Level 1 of the Elven Halls
 32521 | Elf:1    | Found a runed translucent gate.
 32521 | Elf:1    | Found a runed translucent gate.
 32521 | Elf:1    | Found a runed translucent gate.
 32521 | Elf:1    | Found a runed translucent gate.
 32521 | Elf:1    | Found a runed translucent gate.
 32521 | Elf:1    | Found a runed translucent gate.
 32522 | Elf:1    | Found a runed translucent door.
 32804 | Elf:1    | Found a runed translucent door.
 33202 | Elf:1    | Received a gift from Okawaru
 33539 | Elf:1    | Paralysed by an air elemental for 1 turns
 33579 | Elf:1    | Killed from afar by a deep elf zephyrmancer

Illustrated notes

Levels and vault maps discovered:
D:1:      spicycebolla_arrival_clurvy, layout_rooms, minmay_misc_feat_columns
D:2:      layout_basic, serial_shops, shop, nicolae_ecumenical_oubliette,
          grunt_ministairs_8, uniq_natasha
D:3:      layout_loops_ring, bh_walls_and_bars
D:4:      layout_basic, minmay_shop_damaged, lemuel_flame_loot_1,
          uniq_eustachio, uniq_crazy_yiuf_cottage, uniq_ijyb
D:5:      layout_gridville, overflow_temple_1_default, serial_shops, shop,
          minmay_pentangle
D:6:      layout_loops_ring, nicolae_dithmenos_the_darkroom
D:7:      layout_basic, mainiacjoe_overflow_alcove_4,
          minmay_temple_entry_purple_smoke, uniq_duvessa
D:8:      layout_cave_pools, uniq_erica, uniq_grum, uniq_prince_ribbit1
D:9:      layout_basic, kennysheep_minor_cross, uniq_psyche, uniq_erolcha
D:10:     layout_loops_ring, enter_bailey_2, st_stairs_1
D:11:     layout_layer_cave, minmay_lair_entry_grove, zombieorc1_lemuel,
          serial_shops, nicolae_shop_trees, nicolae_ashenzari_panopticon
D:12:     layout_long_grid
D:13:     nicolae_fronds_of_death, layout_basic, serial_shops,
          nicolae_shop_tiny_statue_garden, shop, nicolae_shop_waterfront, shop,
          nicolae_shop_advertising_works [nicolae_subvault_shop_adworks]
D:14:     layout_roguey, lightli_vaults_fourway_checkpoint,
          minmay_staircase_statues, uniq_agnes
D:15:     hellmonk_depths_entry_around_the_bend, layout_irregular_city,
          elyvilon_altar_4, nicolae_houndstooth_variations
Temple:   hellmonk_temple_of_storms
Lair:1:   layout_regular_city, lemuel_fruit_fields, serial_bayou_shore_a,
          infiniplex_staircase_pool
Lair:2:   layout_cellular_growth
Lair:3:   layout_loops_ring, minmay_shoals_entry_lonely_mermaid,
          nicolae_spider_entry_orb_guardian, grunt_megastairs_4
Lair:4:   statuecave_lemuel, layout_regular_city, dpeg_slime_entry_enclosed
Lair:5:   cheibrodos_lair_end_hotspot, layout_cellular_growth
Orc:1:    layout_diamond_mine, nicolae_orc_flooded_monolith, uniq_jorgrun,
          uniq_gastronok, uniq_fannar
Orc:2:    st_orc_open, layout_caves, gammafunk_ghost_split, serial_shops, shop,
          blackcustard_rock_pile
Elf:1:    nicolae_elf_arrival_dilemma, layout_loops_corners,
          hangedman_elven_crosses_minicolossus

Skill      XL: |  1  2  3  4  5  6  7  8  9 10 11 12 13 14 15 16 |
---------------+-------------------------------------------------+-----
Fighting       | 4 5 6 7 8 10 12 13 14 16 | 16.5
Armour         | 4 5 6 7 8 9 10 11 12 13 14 15 | 15.9
Shields        | 4 5 7 8 10 12 14 16 17 18 | 18.7
Long Blades    | 3 4 5 6 8 10 12 14 15 16 17 18 | 18.9
Dodging        | 1 2 3 4 5 6 7 |  7.0
Polearms       | 1 |  1.5
Stealth        | 1 2 |  2.7
Invocations    | 1 |  1.2
Evocations     | |  0.6

Action                     |  1- 3 |  4- 6 |  7- 9 | 10-12 | 13-15 | 16-18 || total
---------------------------+-------+-------+-------+-------+-------+-------++-------
  Melee: Long sword        |    75 |   122 |   270 |       |       |       ||   467
         Headbutt          |     8 |    27 |    57 |   156 |   344 |    51 ||   643
         Scimitar          |       |       |     9 |   642 |   304 |       ||   955
         Trident           |       |       |     2 |       |       |       ||     2
         Double sword      |       |       |       |       |   831 |   183 ||  1014
 Invoke: Heroism           |       |       |     1 |     2 |     8 |       ||    11
         Receive Weapon    |       |       |       |       |     1 |       ||     1
         Receive Armour    |       |       |       |       |     1 |       ||     1
  Evoke: Wand              |       |     2 |       |     3 |       |       ||     5
    Use: Scroll            |     1 |       |     5 |     6 |    20 |     1 ||    33
         Potion            |       |     1 |       |       |     5 |       ||     6
   Stab: Petrified         |       |       |       |       |     2 |       ||     2
 Armour: Scale mail        |    89 |   131 |   176 |    35 |       |       ||   431
         Chain mail        |       |       |       |   312 |     3 |       ||   315
         Skin              |       |       |       |    16 |       |       ||    16
         Plate armour      |       |       |       |       |   711 |   172 ||   883
  Dodge: Dodged            |    58 |    85 |   137 |   171 |   302 |    85 ||   838
  Block: Buckler           |    27 |    41 |    49 |       |       |       ||   117
         Kite shield       |       |       |    45 |   408 |   827 |   212 ||  1492
         Reflection        |       |       |       |       |       |     8 ||     8
         Form:             |       |     1 |       |       |       |       ||     1
         Serpent           |       |     1 |       |       |       |       ||     1
